 Dungeon Crawl Stone Soup version 0.20.1-1-g8b1a95d (webtiles) character file.

609 Monsterracer the Insei (level 7, -3/55 HPs)
             Began as a Green Draconian Transmuter on Aug 22, 2017.
             Slain by an orc
             ... wielding a +0 mace
              (8 damage)
             ... on level 3 of the Dungeon.
             The game lasted 00:06:19 (4666 turns).

Monsterracer the Insei (Green Draconian Transmuter) Turns: 4666, Time: 00:06:19

Health: -3/55      AC:  2    Str: 12    XL:     7   Next: 19%
Magic:  8/10       EV: 25    Int: 15    God:
Gold:   325        SH:  0    Dex: 24    Spells: 4/10 levels left

rFire    . . .     SeeInvis .     - Unarmed
rCold    . . .     Gourm    .   (shield currently unavailable)
rNeg     . . .     Faith    .   (armour unavailable)
rPois    x         Spirit   .   (helmet currently unavailable)
rElec    .         Reflect  .   (cloak currently unavailable)
rCorr    .         Harm     .   (gloves currently unavailable)
MR       +....                  (boots currently unavailable)
Stlth    +++.......             k - amulet of magic regeneration
Regen    0.2/turn               t - ring of protection from magic
MPRegen  0.2/turn               (no ring)

@: agile, spider-form (expiring)
A: (breathe noxious fumes), unfitting armour, agile 1, AC +6
a: End Transformation


You were on level 3 of the Dungeon.
You were hungry.
You were a venomous arachnid creature.
You visited 1 branch of the dungeon, and saw 4 of its levels.

You collected 325 gold pieces.

Inventory:

Missiles
 a - 26 arrows
Armour
 g - a +0 pair of boots (melded)
 z - a +2 cloak (melded)
Jewellery
 k - an amulet of magic regeneration (around neck)
 t - a ring of protection from magic (left front leg)
Wands
 y - a wand of acid (5/15)
Scrolls
 e - 4 scrolls of identify {unknown}
 f - a scroll of noise {unknown}
 i - 2 scrolls of recharging {unknown}
 n - a scroll of remove curse {unknown}
 q - a scroll of amnesia {unknown}
 s - a scroll of enchant armour {unknown}
 u - a scroll of fear {unknown}
 v - 3 scrolls of teleportation {unknown}
Potions
 d - a potion of haste {unknown}
 h - a potion of brilliance {unknown}
 j - a potion of agility
 l - a potion of degeneration {unknown}
 m - 3 potions of heal wounds {unknown}
 o - a potion of mutation
 p - 3 potions of curing {unknown}
 x - a potion of berserk rage {unknown}
 A - a potion of invisibility {unknown}
Books
 b - a book of Changes

   Spells                             Type                      Level
   a - Beastly Appendage              Transmutation                1
   b - Sticks to Snakes               Transmutation                2
   c - Spider Form                    Transmutation/Poison         3
   d - Ice Form                       Ice/Transmutation            4
   e - Blade Hands                    Transmutation                5
Comestibles
 c - 3 bread rations
 r - 2 fruits
 w - 3 royal jellies
 B - a meat ration


   Skills:
 + Level 2.2 Fighting
 - Level 1.7 Dodging
 * Level 6.2 Unarmed Combat
 - Level 2.0 Spellcasting
 * Level 5.5 Transmutations


You had 4 spell levels left.
You knew the following spells:

 Your Spells              Type           Power        Failure   Level  Hunger
a - Beastly Appendage     Tmut           ###...       9%          1    #......
b - Sticks to Snakes      Tmut           ###.....     12%         2    ###....
c - Spider Form           Tmut/Pois      #.........   43%         3    ###....


Dungeon Overview and Level Annotations

Branches:
Dungeon (4/15)
 Temple: D:4-7

Altars:


Innate Abilities, Weirdness & Mutations

((You can breathe blasts of noxious fumes.))
((Your lurid green scales are hard. (AC +6)))
You cannot fit into any form of body armour.
((Your system is resistant to poisons. (rPois)))
((You are cold-blooded and may be slowed by cold attacks.))
((You have large cloven feet.))
You are agile. (Dex +2)


Message History

You climb upwards.
There is a stone staircase leading down here.
Huge Dmg: -62%(-34hp) hp: 28%(15hp)
You barely miss the orc priest. The orc closely misses you.
The gnoll completely misses you. The gnoll closely misses you.
The orc barely misses you. The orc closely misses you.
The orc priest calls down the wrath of Beogh upon you.
Pain shoots through your body!
* * * LOW HITPOINT WARNING * * *
Huge Dmg: -18%(-10hp) hp: 10%(5hp)
Okay, then.
It was a potion of agility.
You feel agile all of a sudden. The orc closely misses you.
The gnoll completely misses you. x2
The orc priest completely misses you. The orc barely misses you.
The orc misses you.
It was a potion of mutation.
You feel extremely strange.
You feel agile.
Your feet thicken and deform.
The orc hits you with a mace!
You die...

≈≈≈.≈≈≈(≈≈≈≈≈≈≈...≈≈....≈..≈.)≈≈.
.................................
.....(...........................
.)............##.#####.#.........
.)####...#####..........((######.
).## #.#.# #.........##(# ##
#..###.#.# #.........##(# #
##.....#.# #.go......##.#######
##..###.#####.osg.....##........
#...##....##..oo.........#####.
#.#.#####..#...........#..# #.
##.#..# ##.#.........#....####.
##..##.#####....#.####.###.......
#..###....####...[.#....#.......#
#.## ####.####.#.#...)...........
..# #...##...###<)........... .##
###....### #).[..........


You could see an orc priest, 2 gnolls and 3 orcs.

Vanquished Creatures
  3 big kobolds (D:3)
  A crimson imp (D:3)
  An orc priest (D:3)
  Crazy Yiuf (D:3)
  Ijyb (D:3)
  Jessica (D:2)
  Robin (D:2)
  4 gnolls (D:3)
  6 adders
  An ooze (D:2)
  2 worms
  2 leopard geckos
  13 orcs (D:3)
  4 bats
  5 giant cockroaches
  11 goblins
  14 hobgoblins
  6 jackals
  A quokka (D:3)
  50 kobolds
  7 rats
135 creatures vanquished.

Vanquished Creatures (collateral kills)
  An adder (D:2)
1 creature vanquished.

Grand Total: 136 creatures vanquished

Notes
Turn   | Place    | Note
-------+----------+-------------------------------------------
     0 | D:1      | Monsterracer the Draconian Transmuter began the quest for the Orb.
     0 | D:1      | Reached XP level 1. HP: 16/16 MP: 3/3
   272 | D:1      | Reached XP level 2. HP: 15/23 MP: 3/5
   279 | D:1      | Learned a level 2 spell: Sticks to Snakes
  1117 | D:2      | Reached XP level 3. HP: 17/28 MP: 4/6
  1122 | D:2      | Learned a level 3 spell: Spider Form
  1239 | D:2      | Noticed Robin
  1246 | D:2      | HP: 12/28 [Robin/dagger (6)]
  1251 | D:2      | Killed Robin
  1251 | D:2      | Reached skill level 4 in Unarmed Combat
  1253 | D:2      | HP: 5/28 [hobgoblin/club[Robin] (6)]
  1732 | D:2      | Reached XP level 4. HP: 35/35 MP: 3/7
  1761 | D:2      | Noticed Jessica
  1772 | D:2      | Killed Jessica
  2558 | D:2      | HP: 17/35 [poisoned by an adder]
  2564 | D:2      | HP: 16/35 [poisoned by an adder]
  2572 | D:2      | HP: 15/35 [poisoned by an adder]
  2816 | D:3      | Reached XP level 5. HP: 40/40 MP: 4/8
  3143 | D:3      | Reached skill level 5 in Unarmed Combat
  3351 | D:3      | Reached XP level 6. HP: 47/47 MP: 6/9
  3637 | D:3      | HP: 23/47 [kobold/club (2)]
  3643 | D:3      | HP: 16/47 [leopard gecko (4)]
  3968 | D:3      | Found a runed door.
  3968 | D:3      | Noticed Ijyb
  3968 | D:3      | HP: 23/47 [acid (9)]
  3977 | D:3      | HP: 23/47 [Ijyb/club (1)]
  3979 | D:3      | Killed Ijyb
  4138 | D:3      | Noticed Crazy Yiuf
  4144 | D:3      | Killed Crazy Yiuf
  4144 | D:3      | Reached skill level 5 in Transmutations
  4312 | D:3      | Reached skill level 6 in Unarmed Combat
  4318 | D:3      | Your scales start taking on a lurid green colour.
  4318 | D:3      | Reached XP level 7. HP: 36/53 MP: 5/10
  4318 | D:3      | Gained mutation: Your system is resistant to poisons. (rPois) [Green Draconian growth]
  4662 | D:4      | HP: 22/55 [orc priest/divine providence (10)]
  4664 | D:3      | HP: 5/55 [orc priest/nerve-wracking pain (10)]
  4666 | D:3      | Gained mutation: You are agile. (Dex +2) [potion of mutation]
  4666 | D:3      | Gained mutation: You have large cloven feet. [potion of mutation]
  4666 | D:3      | Slain by an orc

Skill      XL: |  1  2  3  4  5  6  7 |
---------------+----------------------+-----
Transmutations | 3 4 5 |  5.5
Unarmed Combat | 4 5 6 |  6.2
Fighting       | 2 |  2.2
Dodging        | |  1.7
Spellcasting   | |  2.0

Action                   |  1- 3 |  4- 6 |  7- 9 || total
-------------------------+-------+-------+-------++-------
Melee: Unarmed           |   126 |   250 |    33 ||   409
       Tailslap          |    10 |    15 |     2 ||    27
       Headbutt          |     3 |     1 |       ||     4
       Punch             |       |       |     2 ||     2
 Cast: Beastly Appendage |     7 |     1 |       ||     8
       Spider Form       |     3 |    15 |     1 ||    19
       Sticks to Snakes  |       |     3 |       ||     3
  Use: Potion            |       |       |     2 ||     2
 Stab: Sleeping          |       |     1 |       ||     1
  Eat: Chunk             |     3 |    10 |     1 ||    14
       Fruit             |       |     1 |       ||     1
Armor: Skin              |    29 |    47 |     8 ||    84
Dodge: Dodged            |    78 |   281 |    34 ||   393
